 Dungeon Crawl Stone Soup version 0.31-a0-441-g867994ef1c (webtiles) character file.

Game seed: 8465343151834893742

41 CraigForest the Changeling (level 3, -3/11 HPs)
             Began as an Octopode Shapeshifter on Aug 2, 2023.
             Slain by a gnoll
             ... wielding a +0 spear
              (6 damage)
             ... on level 3 of the Dungeon.
             The game lasted 00:09:49 (1349 turns).

CraigForest the Changeling (Octopode Shapeshifter)  Turns: 1349, Time: 00:09:49

Health: -3/11      AC:  1    Str: 16    XL:     3   Next: 52%
Magic:  3/3        EV: 13    Int: 10    God:
Gold:   133        SH:  0    Dex: 12    Spells: 2/2 levels left

rFire   x .          .
                       - Unarmed
rCold   + . .        (no shield)
rNeg    + . .        (helmet restricted)
rPois   .            (no amulet)
rElec   .            c - ring of wizardry
rCorr   .            k - ring of positive energy
SInv    .            h - ring of ice
Will    .....        (no ring)
Stlth   ++           (no ring)
HPRegen 0.21/turn    (no ring)
MPRegen 0.08/turn    (no ring)
                     (no ring)

%: wizardry (x1)
@: maw-form
A: devouring maw, reduced hp, almost no armour, amphibious, 8 rings, camouflage
1, gelatinous body 1, (nimble swimmer 1), tentacles
a: Begin Untransformation


You were on level 3 of the Dungeon.
You were a creature with a mouth for a stomach.
You visited 1 branch of the dungeon, and saw 3 of its levels.

You collected 133 gold pieces.

Inventory:

Hand Weapons
 o - a +2 morningstar of flaming
Missiles
 n - 3 poisoned darts (quivered)
Magical Staves
 i - a staff of cold
Jewellery
 c - a ring of wizardry (left tentacle)
 h - a ring of ice (on tentacle)
 k - a ring of positive energy (right tentacle)
Talismans
 b - a beast talisman
 j - a maw talisman (active)
Potions
 a - a potion of lignification
 d - 4 potions of curing
 e - a potion of cancellation
 f - a potion of brilliance {unknown}
 g - a potion of resistance {unknown}
 l - a potion of magic {unknown}
 m - a potion of invisibility {unknown}


   Skills:
 - Level 1.0 Fighting
 - Level 2.0 Dodging
 - Level 0.5 Stealth
 - Level 3.3 Unarmed Combat
 + Level 3.8 Shapeshifting


You had 2 spell levels left.
You didn't know any spells.
Your spell library contained the following spells:

 Spells                   Type           Power      Damage    Failure   Level
 Magic Dart               Conj           0%         1d3       16%         1
 Call Imp                 Summ           0%         N/A       22%         2
 Mephitic Cloud           Conj/Pois/Air  0%         N/A       41%         3
 Summon Guardian Golem    Hex/Summ       0%         N/A       41%         3
 Orb of Destruction       Conj           0%         9d5       100%        7
 Spellforged Servitor     Conj/Summ      0%         N/A       100%        7


Dungeon Overview and Level Annotations

Branches:
Dungeon (3/15)

Altars:


Innate Abilities, Weirdness & Mutations

You are a creature with a mouth for a stomach.
Your midsection houses a second, enormous mouth.
Your maximum health is decreased, since you lack skill for your form.
You cannot wear most types of armour.
You are amphibious.
You can wear up to eight rings at the same time.
Your skin changes colour to match your surroundings (Stealth+).
Your rubbery body absorbs attacks. (AC +1, EV +1)
((You are camouflaged when in or above water. (Stealth+)))
You have tentacles for arms and can constrict up to eight enemies at once.


Message History

The endoplasm quivers.
The endoplasm misses you.
You barely miss the endoplasm.
You squeeze the endoplasm, but do no damage.
You bludgeon the endoplasm!
You kill the endoplasm!
Found 10 gold pieces.
Found a potion of curing.
You now have 133 gold pieces (gained 10).
d - 4 potions of curing (gained 1)
An orc comes into view. It is wielding a +0 club.
Found a club.
The orc shouts!
You closely miss the orc. You grab the orc. You squeeze the orc!
You kill the orc!
Things that are here:
a +0 club; a +0 club
Found an escape hatch in the floor.
A rat comes into view.
You closely miss the rat. Your grab misses the rat.
Your squeeze misses the rat. The rat closely misses you.
You barely miss the rat. You grab the rat.
You squeeze the rat, but do no damage. You bite the rat.
You kill the rat!
There is a stone staircase leading up here.
There is a stone staircase leading up here. 2 gnolls come into view.
You aren't carrying any scrolls.
The gnoll shouts!
A gnoll is nearby!
The gnoll hits you from afar with a +0 spear!
Ouch! That really hurt!
* * * LOW HITPOINT WARNING * * *
The gnoll closely misses you.
You tentacle-slap the gnoll. You grab the gnoll.
The gnoll is moderately wounded.
You constrict the gnoll, but do no damage.
The gnoll hits you with a +0 spear.
Ouch! That really hurt!
You die...

##.## #...# #>..#
#...# #...#
######...######
#.............####
.................#
#.............##W#
######...#######g#
#.....######.#
#.........##.#
#.....###.##.#
#.......#.##.#
#.##..#.#.##.#
#.##[.....##...g.g..
#.....#.########....


You could see a gnoll.

Vanquished Creatures
  An adder (D:3)
  A worm (D:2)
  A dart slug (D:2)
  An orc (D:3)
  3 endoplasms
  4 giant cockroaches
  2 goblins
  3 hobgoblins
  2 kobolds (D:1)
  A quokka (D:2)
  2 ball pythons
  A frilled lizard (D:3)
  2 rats
24 creatures vanquished.

Notes
Turn   | Place    | Note
-------+----------+-------------------------------------------
     0 | D:1      | CraigForest the Octopode Shapeshifter began the quest for
                  | the Orb.
     0 | D:1      | Reached XP level 1. HP: 13/13 MP: 1/1
   227 | D:1      | Reached XP level 2. HP: 18/18 MP: 2/2
   811 | D:2      | Reached XP level 3. HP: 4/23 MP: 3/3
  1349 | D:3      | Slain by a gnoll

Illustrated notes

Levels and vault maps discovered:
D:1:      minmay_arrival_split_and_join, layout_rooms
D:2:      layout_rooms, grunt_ministairs_7
D:3:      layout_loops_cross

Action                     || total
---------------------------++-------
  Melee: Unarmed           ||    43
         Tentacles         ||    10
         Constrict         ||    11
         Maw               ||     6
    Use: Scroll            ||     3
   Stab: Sleeping          ||     5
 Armour: Skin              ||     1
  Dodge: Dodged            ||    15
   Form: Maw               ||     1

Table legend: (Time is in decaauts)
 A = Elapsed time spent in this place.
 B = Non-inter-level travel time spent in this place.
 C = Inter-level travel time spent in this place.
 D = Time resting spent in this place.
 E = Time spent auto-exploring this place.
 F = Levels seen in this place.
 G = Mean time per level.
                   A        B        C        D        E       F      G
               +--------+--------+--------+--------+--------+-----+--------+
         Total |   1343 |   1029 |    314 |     28 |    710 |   3 |  447.7 |
       Dungeon |   1343 |   1029 |    314 |     28 |    710 |   3 |  447.7 |
               +--------+--------+--------+--------+--------+-----+--------+

Top non-repeatable levels by time:
     D:2: 490 daAuts
     D:1: 444 daAuts
     D:3: 408 daAuts
